Map: Romanticide LE

Players

Reynor - Winner!

  • Race: Zerg Zerg
  • Spawn Location: 5:00

INnoVation

  • Race: Terran Terran
  • Spawn Location: 11:00

VOD

Have the link to the VOD?

Description

Time

  • Played on: Jan. 14, 2021, 12:02 p.m.
  • Length: 11:42
Show
View Real Time Build Order
Export as new Build Order

Reynor Zerg - Winner!

Build Orders: Hatch First, Muta Ling Bane 

Get SALT Encoding   

  12  0:00  Drone  
  13  0:12  Overlord  
  13  0:17  Drone  
  14  0:30  Drone  
  14  0:31  Drone  
  16  0:48  Hatchery  
  15  0:51  Drone  
  15  0:54  Drone  
  17  0:57  Drone  
  18  1:09  Extractor  
  17  1:13  Spawning Pool  
  17  1:16  Drone  
  17  1:19  Drone  
  18  1:28  Drone  
  19  1:38  Drone  
  20  1:49  Drone  
  21  1:59  Queen x2  
  21  2:00  Zergling x4  
  27  2:16  Hatchery  
  27  2:19  Overlord  
  27  2:22  Drone  
  27  2:25  Drone  
  28  2:32  Metabolic Boost  
  28  2:39  Drone x3  
  31  2:48  Queen  
  33  2:52  Overlord  
  33  2:55  Drone  
  33  2:58  Drone  
  35  3:00  Drone  
  36  3:11  Drone x2  
  36  3:12  Drone  
  39  3:13  Overlord  
  39  3:16  Drone x2  
  41  3:22  Drone  
  41  3:23  Queen  
  44  3:28  Drone x2  
  44  3:32  Queen  
  48  3:35  Zergling x2  
  48  3:39  Drone x3  
  52  3:42  Overlord  
  52  3:45  Drone  
  52  3:46  Drone  
  52  3:48  Drone  
  55  3:52  Queen  
  55  3:55  Overlord  
  57  3:57  Drone  
  60  4:02  Zergling x4  
  60  4:04  Drone x3  
  60  4:08  Overlord  
  63  4:15  Overlord, Drone x2  
  65  4:21  Drone  
  65  4:22  Overlord  
  66  4:25  Extractor, Drone  
  66  4:27  Drone x5  
  66  4:30  Queen  
  73  4:36  Zergling x4  
  73  4:37  Zergling x4  
  77  4:40  Drone  
  77  4:43  Drone, Evolution Chamber x3  
  77  4:45  Drone  
  77  4:46  Drone  
  77  4:49  Overlord  
  79  4:56  Drone x4  
  79  4:58  Drone  
  84  5:01  Drone  
  84  5:10  Zergling x8  
  84  5:11  Zergling x2  
  84  5:13  Queen  
  86  5:17  Zergling x2  
  86  5:19  Hatchery  
  86  5:20  Zerg Ground Armor Level 1, Zerg Melee Weapons Level 1  
  87  5:21  Zergling x4  
  87  5:24  Zergling x4  
  87  5:28  Overlord  
  90  5:30  Lair  
  90  5:33  Drone x2  
  90  5:34  Extractor x2  
  88  5:36  Overlord  
  88  5:39  Zergling x2  
  88  5:40  Zergling x2  
  88  5:41  Overlord  
  90  5:46  Queen  
  90  5:49  Queen  
  90  5:57  Drone  
  90  5:58  Drone x5  
  90  5:59  Drone x6  
  90  6:02  Drone  
  90  6:03  Drone  
  90  6:04  Spore Crawler  
  98  6:07  Drone  
  97  6:12  Drone  
  97  6:15  Drone  
  97  6:16  Drone  
  96  6:24  Drone  
  96  6:25  Drone  
  98  6:27  Hatchery  
  98  6:31  Zergling x2, Queen  
  98  6:32  Zergling x2  
  101  6:33  Zergling x2  
  101  6:36  Zergling x2  
  101  6:38  Zergling x2, Baneling Nest  
  101  6:39  Zergling x6  
  106  6:43  Zergling x2  
  106  6:44  Drone  
  106  6:46  Spore Crawler  
  106  6:47  Overlord  
  107  6:50  Pneumatized Carapace  
  107  6:51  Zergling x2, Hatchery  
  107  6:53  Zergling x2  
  108  6:55  Zergling x2  
  109  7:01  Zergling x6  
  109  7:02  Zergling x4  
  109  7:05  Zergling x8  
  109  7:07  Zergling x6  
  121  7:10  Drone x2  
  121  7:14  Extractor, Drone x2  
  121  7:15  Spire  
  123  7:16  Extractor, Zerg Melee Weapons Level 2, Zerg Ground Armor Level 2  
  123  7:22  Drone x2  
  124  7:24  Extractor, Drone  
  124  7:25  Drone  
  124  7:29  Overlord  
  124  7:32  Baneling x4  
  124  7:33  Drone x2  
  124  7:34  Centrifical Hooks, Drone  
  127  7:38  Overlord  
  127  7:40  Overlord  
  127  7:41  Extractor  
  127  7:43  Zergling x10  
  127  7:44  Zergling x4  
  133  7:45  Baneling x5  
  133  7:47  Zergling x2  
  133  7:48  Overlord  
  133  7:50  Drone  
  135  7:52  Drone x3  
  135  7:54  Drone  
  135  7:58  Drone x2  
  141  7:59  Queen  
  141  8:02  Baneling x12  
  143  8:10  Zergling x22  
  151  8:19  Zergling x12  
  137  8:23  Drone x5, Overseer  
  137  8:25  Drone x4  
  137  8:26  Queen  
  145  8:31  Drone x3  
  148  8:40  Baneling x4  
  148  8:42  Baneling  
  148  8:47  Zergling x16  
  156  8:49  Overlord x3  
  156  8:51  Overlord  
  156  8:53  Baneling x7  
  149  9:03  Baneling x7  
  149  9:07  Drone  
  149  9:08  Zergling x32  
  149  9:09  Zergling x6  
  169  9:11  Queen  
  169  9:16  Zergling x4  
  169  9:17  Zergling x2  
  152  9:20  Baneling x11  
  152  9:24  Zergling x12  
  152  9:28  Zergling x4  
  152  9:29  Zergling x2, Queen  
  161  9:33  Baneling x7  
  161  9:38  Zergling x22  
  170  9:43  Zergling x12  
  166  9:50  Mutalisk x3  
  170  9:55  Mutalisk x3  
  170  9:59  Mutalisk x2  
  174  10:01  Zergling x2  
  174  10:03  Mutalisk x3  
  174  10:04  Mutalisk x4  
  186  10:07  Overlord  
  186  10:08  Mutalisk  
  186  10:12  Overlord  
  188  10:16  Overseer  
  188  10:18  Extractor  
  188  10:20  Drone  
  188  10:24  Overlord  
  188  10:28  Hatchery, Baneling  
  187  10:29  Baneling x9  
  187  10:30  Baneling x4  
  187  10:31  Baneling x4  
  187  10:32  Drone x2  
  187  10:33  Zergling x20, Drone  
  187  10:35  Baneling x10  
  200  10:56  Baneling x4  
  200  10:57  Baneling x10  
  198  11:15  Zergling x12  
Show
View Real Time Build Order
Export as new Build Order

INnoVation Terran 

Build Orders: Reaper Expand 

Get SALT Encoding   

  12  0:00  SCV  
  13  0:12  SCV  
  14  0:17  Supply Depot  
  14  0:24  SCV  
  15  0:38  SCV  
  15  0:40  Barracks  
  16  0:43  Refinery  
  16  0:50  SCV  
  17  1:03  SCV  
  18  1:15  SCV  
  19  1:27  Orbital Command, Reaper  
  20  1:41  Command Center  
  20  1:50  Bunker  
  20  1:54  SCV  
  21  1:59  Supply Depot  
  21  2:03  Marine  
  21  2:06  SCV  
  23  2:15  Factory  
  23  2:21  Barracks Reactor, SCV  
  24  2:33  SCV  
  25  2:42  Command Center  
  25  2:45  SCV  
  26  2:53  Orbital Command  
  26  2:57  SCV  
  27  3:02  Starport  
  27  3:07  Refinery  
  27  3:09  SCV  
  30  3:13  Hellion  
  30  3:19  Hellion  
  33  3:20  SCV  
  33  3:22  SCV  
  34  3:32  Marine  
  35  3:34  SCV x2  
  35  3:39  Viking  
  35  3:40  Hellion  
  41  3:42  Hellion  
  41  3:47  SCV x2  
  45  3:50  Barracks Tech Lab  
  45  3:55  Orbital Command  
  45  4:01  Hellion, SCV  
  45  4:02  SCV  
  49  4:03  Hellion  
  51  4:10  Medivac  
  51  4:16  SCV, Armory  
  55  4:17  SCV  
  55  4:21  Orbital Command  
  55  4:23  Supply Depot  
  56  4:24  Hellion  
  56  4:25  Hellion  
  56  4:29  SCV x2  
  60  4:36  Supply Depot  
  60  4:44  Liberator, SCV x2  
  67  4:45  Hellion  
  67  4:46  Hellion  
  69  4:52  Supply Depot  
  69  4:57  Marine  
  69  4:58  Stimpack, SCV x2  
  72  5:04  SCV  
  75  5:07  Hellion x2  
  75  5:08  Refinery  
  77  5:14  SCV x2  
  77  5:15  Marine  
  77  5:17  SCV  
  81  5:25  Barracks x2  
  81  5:26  SCV x2  
  83  5:29  Engineering Bay, Starport Reactor, SCV  
  83  5:30  Engineering Bay  
  83  5:35  Supply Depot  
  84  5:38  SCV  
  84  5:41  Hellion x2, SCV  
  84  5:42  Supply Depot  
  90  5:47  SCV  
  87  5:50  SCV  
  87  5:51  Marine  
  87  5:53  SCV  
  82  6:01  Refinery  
  82  6:02  SCV x2  
  82  6:03  Barracks  
  69  6:04  Barracks  
  69  6:05  Hellion x2, SCV  
  69  6:07  Terran Infantry Armor Level 1, Terran Infantry Weapons Level 1  
  69  6:10  Marine  
  75  6:15  Barracks Reactor  
  75  6:16  Barracks Reactor  
  75  6:18  SCV x3  
  78  6:28  Marine  
  78  6:29  Hellion x2  
  78  6:31  SCV x3  
  78  6:32  Supply Depot  
  86  6:35  Supply Depot, Refinery  
  86  6:36  Medivac x2  
  86  6:37  Combat Shield  
  90  6:43  SCV x2  
  90  6:44  SCV  
  90  6:46  Marine  
  94  6:47  Barracks  
  94  6:48  Barracks  
  94  6:50  Barracks  
  94  6:52  Barracks Reactor x2  
  94  6:53  Marine  
  94  6:54  Marine x3  
  96  6:56  Widow Mine  
  96  6:57  Widow Mine  
  102  7:02  Supply Depot  
  102  7:05  Supply Depot, Marine  
  102  7:08  Medivac x2  
  107  7:11  Marine  
  108  7:15  Marine  
  108  7:16  Marine x2  
  108  7:21  Widow Mine x2  
  108  7:22  Supply Depot  
  115  7:23  Marine  
  115  7:26  Supply Depot  
  115  7:29  Marine  
  117  7:33  Marine x2  
  117  7:35  Marine x3  
  117  7:36  Marine x4  
  124  7:39  Medivac x2  
  124  7:41  Marine  
  124  7:43  Supply Depot, Marine  
  130  7:47  Marine  
  130  7:48  Widow Mine x2  
  135  7:51  Marine x2  
  135  7:52  Supply Depot  
  135  7:53  Marine x5  
  135  7:55  Marine  
  135  7:56  Marine  
  144  7:58  Marine  
  144  8:01  Marine  
  144  8:02  Terran Infantry Armor Level 2  
  144  8:03  Terran Infantry Weapons Level 2  
  144  8:05  Marine  
  147  8:09  Marine x2  
  147  8:11  Marine x5  
  139  8:23  Widow Mine x2  
  139  8:24  Medivac x2  
  139  8:25  Marine x5  
  145  8:27  Marine x2  
  145  8:30  Supply Depot  
  145  8:31  Marine x3  
  150  8:37  Marine x2  
  152  8:43  Marine x2  
  152  8:44  Widow Mine x2  
  152  8:45  Marine  
  152  8:46  Marine x2  
  161  8:54  Medivac x2  
  162  8:56  Marine  
  162  8:57  Marine x6  
  162  9:01  Marine x2  
  159  9:03  Marine x3  
  159  9:09  Widow Mine x2  
  166  9:14  Marine x5  
  166  9:15  Marine x2  
  152  9:18  Marine  
  152  9:19  Marine  
  152  9:21  Marine x3  
  155  9:24  Liberator x2  
  161  9:32  Marine x7  
  161  9:36  Marine  
  161  9:37  Widow Mine x2, Marine  
  170  9:39  Marine x3  
  151  9:50  Marine x7  
  154  9:54  Marine x2  
  154  9:57  Marine x3  
  126  10:07  Liberator x2  
  126  10:08  Marine x7  
  126  10:10  Widow Mine x2  
  126  10:12  Marine x2  
  145  10:14  Marine  
  145  10:15  Marine  
  145  10:20  Marine  
  148  10:25  Marine  
  148  10:26  Marine x6  
  155  10:30  Marine  
  156  10:36  Widow Mine  
  156  10:37  Widow Mine  
  156  10:42  Marine  
  160  10:44  Marine  
  160  10:48  Marine  
  163  10:50  Medivac x2  
  163  10:54  Marine x5  
  164  10:58  Marine  
  163  11:06  Marine x6  
  163  11:10  Widow Mine  
  167  11:12  Marine x3  
  167  11:14  Marine x2  
  167  11:16  Marine  
Tags
 
Add a new tag
Caveats
  • Supply blocks, unpowered buildings, or Contaminate may cause inaccurate times.
  • Supply counts are checked every 10 seconds.